[Event "Niedersachsen-ch B 2024"]
[Site "Verden Aller"]
[Date "2024.01.05"]
[Round "4.14"]
[White "Homann, Christoph"]
[Black "Pac, Maksym"]
[Result "0-1"]
[ECO "A85"]
[WhiteElo "1597"]
[BlackElo "1416"]
[Annotator "NA RC"]
[PlyCount "78"]
[EventDate "2024.01.01"]
[EventType "swiss"]
[EventCountry "GER"]
[SourceTitle "playchess.com"]
[Source "ChessBase"]
[SourceQuality "1"]
[TimeControl "40/5400+30:1800+30"]

1. d4 d5 2. c4 e6 3. Nc3 c6 4. e3 f5 5. Nf3 Nf6 6. Bd3 Bd6 7. Ne5 O-O 8. O-O Bxe5 9. dxe5 Ne4 10. Ne2 Nd7 11. f4 Qb6 12. Nd4 Ndc5 13. Qe2 Nxd3 14. Qxd3 Bd7 15. cxd5 exd5 16. b4 a5 17. bxa5 Rxa5 18. Nb3 Ra6 19. Bb2 Rfa8 20. Bd4 Qc7 21. Nc5 Rxa2 22. Nxe4 fxe4 23. Qb3 R2a6 24. Rab1 b5 25. Bc5 Ra2 26. Rfd1 Bg4 27. Rd4 Be2 28. Qc3 Bd3 29. Rc1 Qf7 30. Rxd3 exd3 31. Qxd3 Qh5 32. e6 Qg4 33. g3 Qf3 34. Qf1 Qxf1+ 35. Rxf1 Ra1 36. Rxa1 Rxa1+ 37. Kf2 Rc1 38. Ba3 Rc2+ 39. Kf3 c5 0-1

[Event "Niedersachsen-ch B 2024"]
[Site "Verden Aller"]
[Date "2024.01.05"]
[Round "4.15"]
[White "Krneta, Slavko"]
[Black "Frowein, Ernst Holger"]
[Result "1/2-1/2"]
[ECO "B50"]
[WhiteElo "1767"]
[BlackElo "1755"]
[Annotator "NA RC"]
[PlyCount "103"]
[EventDate "2024.01.01"]
[EventType "swiss"]
[EventCountry "GER"]
[SourceTitle "playchess.com"]
[Source "ChessBase"]
[SourceQuality "1"]
[TimeControl "40/5400+30:1800+30"]

1. e4 c5 2. Bc4 e6 3. Nc3 Nc6 4. d3 Nf6 5. Nf3 d6 6. Qe2 a6 7. a4 Qc7 8. O-O Be7 9. Re1 O-O 10. h3 Nd7 11. Bf4 Bf6 12. Bg5 Bxg5 13. Nxg5 h6 14. Nf3 Nde5 15. Nxe5 Nxe5 16. Bb3 Nc6 17. Qd2 Nd4 18. Bc4 Bd7 19. a5 Bb5 20. Ne2 Bxc4 21. dxc4 Nxe2+ 22. Rxe2 Rfd8 23. Ra3 Qe7 24. Rb3 Rd7 25. Ree3 Qg5 26. Qc3 Rf8 27. Qd2 Rfd8 28. Red3 Qxd2 29. Rxd2 Kf8 30. Rbd3 Ke7 31. f4 f6 32. f5 Rb8 33. Rb3 Rc7 34. Rbd3 Rc6 35. Rg3 Rg8 36. Rg6 Rc7 37. Rd3 exf5 38. exf5 Rd7 39. Kf2 Kf7 40. Kf3 Re8 41. Re3 Rde7 42. Rxe7+ Rxe7 43. Rg4 Re5 44. Rf4 Ke7 45. g4 Kf7 46. Re4 Ke7 47. Re3 Kd7 48. c3 Kc6 49. b3 d5 50. Rxe5 fxe5 51. cxd5+ Kxd5 52. Ke3 1/2-1/2

[Event "Niedersachsen-ch B 2024"]
[Site "Verden Aller"]
[Date "2024.01.05"]
[Round "4.16"]
[White "Pfeifer, Frank"]
[Black "Kewe, Stefan"]
[Result "0-1"]
[ECO "B24"]
[WhiteElo "1529"]
[BlackElo "1737"]
[Annotator "NA RC"]
[PlyCount "64"]
[EventDate "2024.01.01"]
[EventType "swiss"]
[EventCountry "GER"]
[SourceTitle "playchess.com"]
[Source "ChessBase"]
[SourceQuality "1"]
[TimeControl "40/5400+30:1800+30"]

1. e4 c5 2. Nc3 Nc6 3. f4 g6 4. g3 Bg7 5. Bg2 e6 6. d3 Nge7 7. Nce2 O-O 8. c3 d5 9. e5 b6 10. Nf3 a5 11. O-O Ba6 12. b3 Qc7 13. g4 f6 14. Bb2 fxe5 15. Ng5 Qd6 16. c4 d4 17. Ne4 Qd7 18. Qd2 exf4 19. Nxf4 Rf7 20. Ng5 Rf6 21. Rae1 e5 22. Nd5 Rxf1+ 23. Rxf1 Qxg4 24. Nxe7+ Nxe7 25. Bc1 Bb7 26. Rf2 Bh6 27. h4 Nf5 28. Qe1 Re8 29. Ne4 Bxe4 30. dxe4 Bxc1 31. Qxc1 Ne3 32. Qe1 Qd1 0-1

[Event "Niedersachsen-ch B 2024"]
[Site "Verden Aller"]
[Date "2024.01.05"]
[Round "4.17"]
[White "Schumacher, Klaus"]
[Black "Laun, Kurt"]
[Result "1-0"]
[ECO "A39"]
[WhiteElo "1724"]
[BlackElo "1448"]
[Annotator "NA RC"]
[PlyCount "105"]
[EventDate "2024.01.01"]
[EventType "swiss"]
[EventCountry "GER"]
[SourceTitle "playchess.com"]
[Source "ChessBase"]
[SourceQuality "1"]
[TimeControl "40/5400+30:1800+30"]

1. c4 c5 2. g3 Nf6 3. Bg2 Nc6 4. Nf3 g6 5. O-O Bg7 6. d4 cxd4 7. Nxd4 O-O 8. e3 Rb8 9. Nc3 a6 10. b3 e5 11. Nxc6 bxc6 12. Ba3 Re8 13. Bd6 Ra8 14. e4 Bb7 15. c5 Bf8 16. Bxf8 Kxf8 17. Qd6+ Kg7 18. Bh3 Re7 19. Rfd1 a5 20. Qd3 Ba6 21. Qe3 Qc7 22. Na4 Rd8 23. Nb6 d5 24. cxd6 Rxd6 25. Rxd6 Qxd6 26. Nc8 Bxc8 27. Bxc8 Rc7 28. Ba6 c5 29. Bc4 Qd7 30. Qe2 h5 31. h4 Qh3 32. Qf3 Qd7 33. Rd1 Qc6 34. Bd5 Qb5 35. Rc1 Qb4 36. Rc4 Qb6 37. Qc3 Nxd5 38. exd5 f6 39. a3 Kf7 40. b4 axb4 41. axb4 Qd6 42. Rxc5 Rxc5 43. Qxc5 Qxc5 44. bxc5 Ke7 45. c6 Kd6 46. Kf1 g5 47. Ke2 g4 48. Kd3 f5 49. Kc4 Kc7 50. Kc5 f4 51. d6+ Kc8 52. Kd5 fxg3 53. fxg3 1-0

[Event "Niedersachsen-ch B 2024"]
[Site "Verden Aller"]
[Date "2024.01.05"]
[Round "4.18"]
[White "Nordhorn, Horst"]
[Black "Bangert, Jonas"]
[Result "0-1"]
[ECO "D00"]
[WhiteElo "1696"]
[BlackElo "1527"]
[Annotator "NA RC"]
[PlyCount "74"]
[EventDate "2024.01.01"]
[EventType "swiss"]
[EventCountry "GER"]
[SourceTitle "playchess.com"]
[Source "ChessBase"]
[SourceQuality "1"]
[TimeControl "40/5400+30:1800+30"]

1. d4 Nf6 2. Nc3 d5 3. Bf4 Bf5 4. f3 h5 5. h4 e6 6. a3 c5 7. e3 Nc6 8. Bd3 Bxd3 9. Qxd3 cxd4 10. exd4 Bd6 11. Bxd6 Qxd6 12. Nge2 a6 13. Nd1 Na5 14. Ne3 Rc8 15. c3 b5 16. Kf2 Nc4 17. Rab1 Ke7 18. g3 Rc7 19. Rhe1 Ra8 20. Nf4 Kf8 21. Nfg2 g6 22. Re2 a5 23. Rbe1 Rc6 24. Nd1 b4 25. axb4 axb4 26. Nf4 Ra1 27. Qc2 bxc3 28. bxc3 Rb6 29. Nd3 Ng8 30. Kg2 Ne7 31. g4 hxg4 32. fxg4 Kg7 33. N1f2 Rxe1 34. Rxe1 f5 35. Qe2 fxg4 36. Nxg4 Nf5 37. Kh3 Qg3# 0-1

[Event "Niedersachsen-ch B 2024"]
[Site "Verden Aller"]
[Date "2024.01.05"]
[Round "4.19"]
[White "Warns, Harald"]
[Black "Zweck, Gerhard"]
[Result "1-0"]
[ECO "E00"]
[WhiteElo "1683"]
[BlackElo "1414"]
[Annotator "NA"]
[PlyCount "85"]
[EventDate "2024.01.01"]
[EventType "swiss"]
[EventCountry "GER"]
[SourceTitle "playchess.com"]
[Source "ChessBase"]
[SourceQuality "1"]
[TimeControl "40/5400+30:1800+30"]

1. d4 Nf6 2. c4 d5 3. e3 e6 4. a3 c5 5. dxc5 Bxc5 6. b4 Be7 7. Bb2 O-O 8. Nf3 b6 9. Nc3 Bb7 10. cxd5 exd5 11. Be2 Nc6 12. O-O a5 13. b5 Nb8 14. Rc1 Nbd7 15. Na4 Rc8 16. Qb3 Nc5 17. Nxc5 bxc5 18. a4 c4 19. Qc2 Ne4 20. Bd4 Ba3 21. Ra1 Bb4 22. Rfd1 c3 23. Bd3 f5 24. g3 Be7 25. Rdc1 Qe8 26. Be2 Bf6 27. Bxf6 Rxf6 28. Nd4 Qd7 29. Bd3 Qf7 30. Ra2 h5 31. Qe2 Qg6 32. Nf3 Qh7 33. Rac2 Qg6 34. Nh4 Qf7 35. Bxe4 fxe4 36. Rxc3 Rxc3 37. Rxc3 Kh7 38. Qc2 Re6 39. f4 g5 40. Nf3 Qg6 41. Nxg5+ Kh6 42. Rc7 d4 43. Nf7+ 1-0

[Event "Niedersachsen-ch B 2024"]
[Site "Verden Aller"]
[Date "2024.01.05"]
[Round "4.20"]
[White "Frese, Immo"]
[Black "Berkenkamp, Matthis"]
[Result "0-1"]
[ECO "A85"]
[WhiteElo "1642"]
[BlackElo "1425"]
[Annotator "NA"]
[PlyCount "130"]
[EventDate "2024.01.01"]
[EventType "swiss"]
[EventCountry "GER"]
[SourceTitle "playchess.com"]
[Source "ChessBase"]
[SourceQuality "1"]
[TimeControl "40/5400+30:1800+30"]

1. d4 d5 2. c4 e6 3. Nc3 c6 4. e3 f5 5. Nf3 Nf6 6. Bd3 Bd6 7. O-O Nbd7 8. b3 O-O 9. Bb2 Ne4 10. Ne2 g5 11. Rc1 Qf6 12. Re1 g4 13. Nd2 Bxh2+ 14. Kf1 Qh4 15. Bxe4 fxe4 16. Nf4 Bxf4 17. exf4 Rxf4 18. f3 Qh1+ 19. Kf2 g3+ 20. Ke3 Qh6 21. Ke2 Nf6 22. Rh1 exf3+ 23. Nxf3 Re4+ 24. Kd3 Qe3+ 25. Kc2 Qe2+ 26. Kb1 Qxd1 27. Rcxd1 Re2 28. Rd2 Rxd2 29. Nxd2 Kh8 30. Rh3 e5 31. Rxg3 e4 32. Nf1 Be6 33. Bc1 Rg8 34. Rxg8+ Kxg8 35. Bf4 Kf7 36. cxd5 Nxd5 37. Bd2 Kg6 38. g3 Bh3 39. Ne3 Nxe3 40. Bxe3 Kf5 41. Kc2 Kg4 42. Bf4 Kf3 43. Kd2 h5 44. Bd6 Kf2 45. Bf4 Bg4 46. a4 Be6 47. b4 Bb3 48. a5 a6 49. Be3+ Kxg3 50. Ke1 Bc4 51. Bf2+ Kf3 52. Bh4 Ke3 53. Bg5+ Kxd4 54. Kf2 Kc3 55. Be7 Bd3 56. Ke3 Kc4 57. Bc5 h4 58. Kf2 h3 59. Kg3 Bf1 60. Bd6 e3 61. Kf3 e2 62. Kf2 Kb5 63. Ke1 h2 64. Bxh2 Kxb4 65. Bc7 c5 0-1

[Event "Niedersachsen-ch B 2024"]
[Site "Verden Aller"]
[Date "2024.01.05"]
[Round "4.23"]
[White "Schoenfelder, Dennis Yoel"]
[Black "Direk, Oguzhan"]
[Result "0-1"]
[ECO "B22"]
[WhiteElo "1370"]
[BlackElo "1657"]
[Annotator "NA"]
[PlyCount "120"]
[EventDate "2024.01.01"]
[EventType "swiss"]
[EventCountry "GER"]
[SourceTitle "playchess.com"]
[Source "ChessBase"]
[SourceQuality "1"]
[TimeControl "40/5400+30:1800+30"]

1. e4 c5 2. c3 d5 3. exd5 Qxd5 4. d4 e6 5. Nf3 Nf6 6. Be2 Be7 7. O-O O-O 8. Be3 Nc6 9. h3 Rd8 10. Nbd2 cxd4 11. cxd4 b6 12. Nb3 Bb7 13. Rc1 Rac8 14. Bc4 Qd7 15. Qe2 Nd5 16. a3 Bf6 17. Rfd1 a5 18. Nbd2 Na7 19. Ne4 Be7 20. Ne5 Qe8 21. Ng3 b5 22. Bd3 Nxe3 23. fxe3 Bd6 24. Qh5 f5 25. Qe2 Bxe5 26. dxe5 b4 27. e4 f4 28. Nh5 Rxc1 29. Rxc1 Qd7 30. Nxf4 Qd4+ 31. Kh1 Qxe5 32. Qe3 Qxb2 33. axb4 e5 34. Bc4+ Kh8 35. Ng6+ hxg6 36. Qg5 Qf2 37. Qxd8+ Kh7 38. Qg8+ Kh6 39. Qh8+ Kg5 40. Qxg7 Bxe4 41. Qxe5+ Bf5 42. Qe7+ Kh6 43. Qf8+ Kg5 44. Qd8+ Kh6 45. Qh8+ Kg5 46. Qe5 axb4 47. Qe7+ Kh6 48. Qxb4 Bxh3 49. Bf1 Bf5 50. Qc4 Nc8 51. Rd1 Nb6 52. Qb5 Nd7 53. Rd4 Qxd4 54. Qc6 Ne5 55. Qf6 Qf4 56. Qh8+ Kg5 57. Qd8+ Kg4 58. Be2+ Kg3 59. Qd1 Qh4+ 60. Kg1 Qh2+ 0-1

[Event "Niedersachsen-ch B 2024"]
[Site "Verden Aller"]
[Date "2024.01.05"]
[Round "4.24"]
[White "Juergenpott, Maximilian"]
[Black "Rose, Simeon"]
[Result "1-0"]
[ECO "E61"]
[WhiteElo "1660"]
[BlackElo "1368"]
[Annotator "NA RC"]
[PlyCount "61"]
[EventDate "2024.01.01"]
[EventType "swiss"]
[EventCountry "GER"]
[SourceTitle "playchess.com"]
[Source "ChessBase"]
[SourceQuality "1"]
[TimeControl "40/5400+30:1800+30"]

1. Nf3 g6 2. e3 Bg7 3. c4 c5 4. Nc3 Nc6 5. Be2 Nf6 6. O-O O-O 7. d4 d6 8. d5 Na5 9. e4 Ng4 10. h3 Ne5 11. Nxe5 Bxe5 12. f4 Bd4+ 13. Kh1 f5 14. e5 dxe5 15. Nb5 e6 16. Nxd4 exd4 17. b4 cxb4 18. Qxd4 Qf6 19. Qxf6 Rxf6 20. Bb2 Rf7 21. Bd4 exd5 22. cxd5 Rd7 23. Bf3 Nc4 24. Rfd1 b6 25. Rac1 b5 26. Bc5 a5 27. d6 Ra6 28. Bd5+ Kg7 29. Be6 Rd8 30. Bxc8 Rxc8 31. d7 1-0

[Event "Niedersachsen-ch B 2024"]
[Site "Verden Aller"]
[Date "2024.01.05"]
[Round "4.25"]
[White "Nechitaylo, Lev"]
[Black "Weist, Hartmut"]
[Result "0-1"]
[ECO "B22"]
[WhiteElo "1456"]
[BlackElo "1581"]
[Annotator "NA RC"]
[PlyCount "96"]
[EventDate "2024.01.01"]
[EventType "swiss"]
[EventCountry "GER"]
[SourceTitle "playchess.com"]
[Source "ChessBase"]
[SourceQuality "1"]
[TimeControl "40/5400+30:1800+30"]

1. e4 c5 2. c3 d5 3. exd5 Qxd5 4. Nf3 Bg4 5. Qa4+ Bd7 6. Qf4 Nf6 7. Bc4 Qe4+ 8. Qxe4 Nxe4 9. d3 Nd6 10. Na3 b5 11. Bd5 Bc6 12. Bxc6+ Nxc6 13. c4 b4 14. Nc2 g6 15. Be3 Nb7 16. b3 Bg7 17. Rd1 O-O 18. O-O e5 19. Ng5 Rfd8 20. f4 h6 21. Nf3 Nd4 22. Ncxd4 exd4 23. Bf2 Re8 24. Rfe1 Nd6 25. Kf1 Nf5 26. g4 Ne3+ 27. Bxe3 Rxe3 28. Rxe3 dxe3 29. Ke2 Re8 30. h4 Kf8 31. Ne1 Bd4 32. Nc2 Re6 33. Nxd4 cxd4 34. Rc1 Ke7 35. c5 Ra6 36. Rc2 Kd7 37. Kf3 Re6 38. Ke2 Ra6 39. f5 gxf5 40. gxf5 Kc6 41. Kf3 Kd5 42. Ke2 Rc6 43. Rc4 a5 44. Rc1 Rxc5 45. Rg1 Rc2+ 46. Kd1 Rf2 47. Rg7 Rxf5 48. Rh7 Rf6 0-1

[Event "Niedersachsen-ch B 2024"]
[Site "Verden Aller"]
[Date "2024.01.05"]
[Round "4.26"]
[White "Buergener, Richard"]
[Black "Knorr, Frank"]
[Result "0-1"]
[ECO "B07"]
[WhiteElo "1569"]
[BlackElo "1411"]
[Annotator "NA RC"]
[PlyCount "48"]
[EventDate "2024.01.01"]
[EventType "swiss"]
[EventCountry "GER"]
[SourceTitle "playchess.com"]
[Source "ChessBase"]
[SourceQuality "1"]
[TimeControl "40/5400+30:1800+30"]

1. e4 d6 2. d4 Nf6 3. Bd3 Nbd7 4. Nf3 e5 5. c3 Be7 6. O-O h6 7. Re1 c6 8. Nbd2 Qc7 9. Nf1 Nf8 10. Ng3 Bg4 11. h3 Bd7 12. Qc2 g5 13. Nf5 Ng6 14. Nxe7 Nxe7 15. dxe5 dxe5 16. Be3 Ng6 17. Bc4 Rh7 18. Red1 O-O-O 19. Bc5 g4 20. hxg4 Bxg4 21. Rxd8+ Qxd8 22. Rd1 Qg8 23. Qd3 Nf4 24. Qe3 Nxg2 0-1

[Event "Niedersachsen-ch B 2024"]
[Site "Verden Aller"]
[Date "2024.01.05"]
[Round "4.27"]
[White "Schiel, Lucas"]
[Black "Wilmink, Luca"]
[Result "0-1"]
[ECO "A57"]
[WhiteElo "1312"]
[BlackElo "1539"]
[Annotator "NA RC"]
[PlyCount "58"]
[EventDate "2024.01.01"]
[EventType "swiss"]
[EventCountry "GER"]
[SourceTitle "playchess.com"]
[Source "ChessBase"]
[SourceQuality "1"]
[TimeControl "40/5400+30:1800+30"]

1. d4 Nf6 2. c4 c5 3. d5 b5 4. Bf4 bxc4 5. Nc3 d6 6. e4 g6 7. Bxc4 Bg7 8. Qd2 O-O 9. Nge2 Nbd7 10. Ng3 Nb6 11. Be2 Nfd7 12. Nd1 Ne5 13. Ne3 Rb8 14. Rb1 Bd7 15. h4 Na4 16. Nd1 Qc7 17. Bh6 c4 18. Bxg7 Kxg7 19. h5 c3 20. Nxc3 Nxc3 21. Rc1 Nxe4 22. Nxe4 Qb6 23. hxg6 fxg6 24. Qh6+ Kf7 25. f4 Nd3+ 26. Bxd3 Qe3+ 27. Be2 Rxb2 28. Qxh7+ Ke8 29. Qxg6+ Kd8 0-1

[Event "Niedersachsen-ch B 2024"]
[Site "Verden Aller"]
[Date "2024.01.05"]
[Round "4.29"]
[White "Bartel, Reinhard"]
[Black "Fize, Aleksandrs"]
[Result "1/2-1/2"]
[ECO "A84"]
[WhiteElo "1525"]
[BlackElo "1307"]
[Annotator "NA RC"]
[PlyCount "86"]
[EventDate "2024.01.01"]
[EventType "swiss"]
[EventCountry "GER"]
[SourceTitle "playchess.com"]
[Source "ChessBase"]
[SourceQuality "1"]
[TimeControl "40/5400+30:1800+30"]

1. d4 d5 2. c4 e6 3. Nf3 c6 4. e3 f5 5. Ne5 Nd7 6. Qh5+ Ke7 7. Qf7+ Kd6 8. c5+ Kc7 9. Nxd7 Bxd7 10. Qh5 Nf6 11. Qf3 Be7 12. Nc3 Ne4 13. Bd3 Rf8 14. Bd2 Kc8 15. Qe2 Qe8 16. b4 g5 17. f3 Nxd2 18. Kxd2 h5 19. b5 f4 20. bxc6 Bxc6 21. e4 Qd7 22. Rhe1 Bd8 23. exd5 exd5 24. Qe6 Qxe6 25. Rxe6 Bf6 26. Ne2 Kc7 27. Kc3 Rae8 28. Rxe8 Rxe8 29. Kd2 Re3 30. h3 h4 31. Rc1 Kd7 32. Bf5+ Ke8 33. Rc3 Rxc3 34. Kxc3 Ke7 35. Nc1 Bb5 36. Bd3 Bc6 37. Ne2 b6 38. cxb6 axb6 39. Kb4 Kd6 40. a4 Bg7 41. a5 bxa5+ 42. Kxa5 Bf6 43. Kb4 Bg7 1/2-1/2

[Event "Niedersachsen-ch B 2024"]
[Site "Verden Aller"]
[Date "2024.01.05"]
[Round "4.33"]
[White "Stockburger, Alexander"]
[Black "Steven, Matthias"]
[Result "1-0"]
[ECO "B34"]
[WhiteElo "1573"]
[BlackElo "1284"]
[Annotator "NA RC"]
[PlyCount "45"]
[EventDate "2024.01.01"]
[EventType "swiss"]
[EventCountry "GER"]
[SourceTitle "playchess.com"]
[Source "ChessBase"]
[SourceQuality "1"]
[TimeControl "40/5400+30:1800+30"]

1. e4 c5 2. Nf3 Nc6 3. d4 cxd4 4. Nxd4 g6 5. Nc3 Bg7 6. Be3 Nf6 7. Bd3 O-O 8. Qd2 d5 9. exd5 Nxd5 10. Nf3 Nxe3 11. Qxe3 Qc7 12. O-O Be6 13. Nb5 Qc8 14. c3 Re8 15. Qf4 Rd8 16. Bc2 a6 17. Nc7 Rb8 18. Rfe1 Bg4 19. Ng5 Bf5 20. Bb3 e6 21. Ncxe6 Rd7 22. Nxg7 Kxg7 23. g4 1-0

[Event "Niedersachsen-ch B 2024"]
[Site "Verden Aller"]
[Date "2024.01.05"]
[Round "4.34"]
[White "Middelberg, Simon"]
[Black "Tenninger, Joerg"]
[Result "1-0"]
[ECO "B21"]
[WhiteElo "1401"]
[BlackElo "1508"]
[Annotator "NA RC"]
[PlyCount "37"]
[EventDate "2024.01.01"]
[EventType "swiss"]
[EventCountry "GER"]
[SourceTitle "playchess.com"]
[Source "ChessBase"]
[SourceQuality "1"]
[TimeControl "40/5400+30:1800+30"]

1. e4 e6 2. Nf3 c5 3. d4 cxd4 4. c3 dxc3 5. Nxc3 Nc6 6. Bf4 a6 7. Bc4 Bc5 8. e5 Qb6 9. O-O Nge7 10. a3 Ng6 11. Bg3 Be7 12. b4 O-O 13. Qd3 Rd8 14. Ne4 f5 15. exf6 gxf6 16. Nd6 Nce5 17. Nxe5 Nxe5 18. Bxe5 fxe5 19. Qg3+ 1-0

[Event "Niedersachsen-ch B 2024"]
[Site "Verden Aller"]
[Date "2024.01.05"]
[Round "4.35"]
[White "Rinke, Alexander"]
[Black "Margaryan, Venera"]
[Result "1/2-1/2"]
[ECO "C10"]
[WhiteElo "1296"]
[BlackElo "1473"]
[Annotator "NA"]
[PlyCount "85"]
[EventDate "2024.01.01"]
[EventType "swiss"]
[EventCountry "GER"]
[SourceTitle "playchess.com"]
[Source "ChessBase"]
[SourceQuality "1"]
[TimeControl "40/5400+30:1800+30"]

1. e4 e6 2. d4 d5 3. Nd2 dxe4 4. Nxe4 Nd7 5. Nf3 Ngf6 6. Nxf6+ Nxf6 7. Be3 Be7 8. Bd3 O-O 9. Qe2 Bb4+ 10. c3 Be7 11. O-O-O a5 12. Ne5 a4 13. a3 c6 14. g4 Nd5 15. Bd2 Bg5 16. Bc2 Be7 17. Rhg1 f6 18. Qd3 f5 19. gxf5 exf5 20. Qg3 Bf6 21. Bh6 Qe7 22. Rg2 Re8 23. Rdg1 Bxe5 24. dxe5 g6 25. f4 Be6 26. h4 Kf7 27. h5 Rg8 28. hxg6+ hxg6 29. Qh3 Qc5 30. Qd3 Qe3+ 31. Qxe3 Nxe3 32. Rg3 Nxc2 33. Kxc2 Rad8 34. Bg5 Bb3+ 35. Kc1 Rd7 36. R3g2 Rd3 37. Rd2 Rxd2 38. Kxd2 Rh8 39. Rg2 Rh1 40. Kd3 Rd1+ 41. Rd2 Bc4+ 42. Kc2 Bb3+ 43. Kd3 1/2-1/2

[Event "Niedersachsen-ch B 2024"]
[Site "Verden Aller"]
[Date "2024.01.05"]
[Round "4.36"]
[White "Heckl, Philipp"]
[Black "Sauer, Ben"]
[Result "1-0"]
[ECO "A04"]
[WhiteElo "1580"]
[BlackElo "1427"]
[Annotator "NA"]
[PlyCount "164"]
[EventDate "2024.01.01"]
[EventType "swiss"]
[EventCountry "GER"]
[SourceTitle "playchess.com"]
[Source "ChessBase"]
[SourceQuality "1"]
[TimeControl "40/5400+30:1800+30"]

1. e4 c5 2. Nf3 Nc6 3. d3 d6 4. g3 g6 5. Bg2 Bg7 6. O-O e5 7. Be3 Nge7 8. Qd2 O-O 9. Bh6 Bd7 10. Bxg7 Kxg7 11. Nc3 Kh8 12. Qh6 Ng8 13. Qd2 Nge7 14. Qh6 Ng8 15. Qd2 Nge7 16. Nd5 Nxd5 17. exd5 Ne7 18. c4 f5 19. Ng5 Ng8 20. f4 exf4 21. Qxf4 Qf6 22. Rf2 h6 23. Nf3 g5 24. Qd2 Ne7 25. Re1 Rae8 26. Rfe2 Ng8 27. Qc3 Qxc3 28. bxc3 Rxe2 29. Rxe2 Re8 30. Kf2 Kg7 31. Rxe8 Bxe8 32. Nd2 Nf6 33. h3 Bg6 34. Bf3 Nd7 35. Ke3 Kf6 36. Bd1 b6 37. d4 Ke7 38. Be2 Kd8 39. Bd3 Ke7 40. Ke2 Kf6 41. Nb3 Kf7 42. dxc5 Nxc5 43. Nd4 Nxd3 44. Kxd3 a6 45. Ke3 f4+ 46. gxf4 gxf4+ 47. Kxf4 Bd3 48. Nf5 Bb1 49. a3 Ba2 50. Ke3 Kf6 51. Nxh6 Bxc4 52. Kd4 Bf1 53. Ng4+ Kg5 54. Nf2 Kf4 55. Ne4 Bxh3 56. Nxd6 Bd7 57. Nc4 b5 58. Nb6 Be8 59. d6 Kf5 60. d7 Bxd7 61. Nxd7 Ke6 62. Nc5+ Kd6 63. Nxa6 Kc6 64. Nb4+ Kd6 65. Nd3 Kc6 66. Ke5 Kb6 67. Kd6 Ka5 68. Kc6 Ka6 69. Nb4+ Ka5 70. Nd5 Ka6 71. Nc7+ Ka7 72. Nxb5+ Ka8 73. Nd4 Kb8 74. Kd7 Kb7 75. c4 Kb6 76. Nb3 Kb7 77. c5 Kb8 78. c6 Ka8 79. c7 Kb7 80. c8=Q+ Ka7 81. Qc5+ Ka6 82. Qb4 Ka7 1-0

[Event "Niedersachsen-ch B 2024"]
[Site "Verden Aller"]
[Date "2024.01.06"]
[Round "5.1"]
[White "Rossberg, Jonathan"]
[Black "Schoene, Finn"]
[Result "1-0"]
[ECO "B22"]
[WhiteElo "1818"]
[BlackElo "1626"]
[Annotator "NA RC"]
[PlyCount "117"]
[EventDate "2024.01.01"]
[EventType "swiss"]
[EventCountry "GER"]
[SourceTitle "playchess.com"]
[Source "ChessBase"]
[SourceQuality "1"]
[TimeControl "40/5400+30:1800+30"]

1. e4 c5 2. c3 d5 3. exd5 Qxd5 4. d4 e6 5. Nf3 Nf6 6. Nbd2 cxd4 7. Bc4 Qd8 8. Nxd4 Bc5 9. N2f3 O-O 10. O-O Nbd7 11. Bxe6 fxe6 12. Nxe6 Qb6 13. Nxf8 Nxf8 14. b4 Be7 15. Re1 Qc7 16. Qb3+ Kh8 17. Bf4 Qxf4 18. Rxe7 Ng6 19. Re3 Bd7 20. Rd1 Re8 21. Rxe8+ Bxe8 22. Qe6 Qc7 23. Ng5 h6 24. Ne4 Nf4 25. Qd6 Qxd6 26. Nxd6 Bh5 27. Rd2 b6 28. c4 Kg8 29. Nc8 Bf7 30. Rd8+ Kh7 31. Nd6 Be6 32. Ra8 Nd3 33. a3 Ne5 34. Rxa7 Nxc4 35. Nxc4 Bxc4 36. a4 Nd5 37. Rb7 Kg6 38. a5 bxa5 39. bxa5 Kf6 40. f3 g6 41. Kf2 Ke5 42. Rg7 Bd3 43. a6 Bxa6 44. Rxg6 Nf6 45. Rxh6 Bc8 46. Rh8 Be6 47. g3 Bd5 48. h4 Bf7 49. g4 Be6 50. Kg3 Nd5 51. Rf8 Kd6 52. h5 Ke7 53. Ra8 Nf6 54. Ra7+ Kf8 55. Kf4 Nd7 56. Kg5 Kg8 57. f4 Nf8 58. f5 Bf7 59. Ra8 1-0

[Event "Niedersachsen-ch B 2024"]
[Site "Verden Aller"]
[Date "2024.01.06"]
[Round "5.2"]
[White "Richter, Silas"]
[Black "Spieker, Hans-Joachim"]
[Result "1-0"]
[ECO "B75"]
[WhiteElo "1614"]
[BlackElo "1719"]
[Annotator "NA RC"]
[PlyCount "49"]
[EventDate "2024.01.01"]
[EventType "swiss"]
[EventCountry "GER"]
[SourceTitle "playchess.com"]
[Source "ChessBase"]
[SourceQuality "1"]
[TimeControl "40/5400+30:1800+30"]

1. e4 c5 2. Nf3 Nc6 3. d4 cxd4 4. Nxd4 g6 5. Nc3 Bg7 6. Be3 Nf6 7. f3 d6 8. Qd2 Bd7 9. O-O-O Rc8 10. Kb1 Nxd4 11. Bxd4 O-O 12. g4 a6 13. h4 h5 14. gxh5 Nxh5 15. Bxg7 Kxg7 16. f4 Bg4 17. Re1 e5 18. Rg1 Qxh4 19. f5 Nf4 20. Be2 Bxe2 21. Nxe2 Nxe2 22. Rxe2 Qf6 23. Rf2 Qh4 24. Rh2 Qf4 25. f6+ 1-0

[Event "Niedersachsen-ch B 2024"]
[Site "Verden Aller"]
[Date "2024.01.06"]
[Round "5.3"]
[White "Goes, Carsten"]
[Black "Schoettker, Jochen"]
[Result "1-0"]
[ECO "C02"]
[WhiteElo "1676"]
[BlackElo "1875"]
[Annotator "NA RC"]
[PlyCount "83"]
[EventDate "2024.01.01"]
[EventType "swiss"]
[EventCountry "GER"]
[SourceTitle "playchess.com"]
[Source "ChessBase"]
[SourceQuality "1"]
[TimeControl "40/5400+30:1800+30"]

1. e4 e6 2. d4 d5 3. e5 c5 4. c3 Nc6 5. Nf3 Qb6 6. a3 c4 7. Nbd2 Na5 8. Rb1 Bd7 9. g3 f6 10. h4 O-O-O 11. Bh3 Be7 12. Qe2 f5 13. O-O Nh6 14. Re1 Nf7 15. b3 Qa6 16. bxc4 Nxc4 17. Nxc4 Qxc4 18. Qb2 Qc7 19. c4 Bc6 20. cxd5 Rxd5 21. Bg2 Rb5 22. Qa2 Rxb1 23. Qxb1 Rd8 24. Be3 Qa5 25. Rc1 Rd5 26. Ng5 Bxg5 27. hxg5 Rb5 28. Qa2 Nd8 29. a4 Rb4 30. Bxc6 bxc6 31. Qe2 Rxa4 32. Qh5 h6 33. g6 Ra1 34. Rxa1 Qxa1+ 35. Kg2 Qb1 36. Bxh6 Qe4+ 37. Qf3 Qxd4 38. Bxg7 Qd7 39. Bf6 a5 40. g7 Qf7 41. Qc3 a4 42. Qa5 1-0

[Event "Niedersachsen-ch B 2024"]
[Site "Verden Aller"]
[Date "2024.01.06"]
[Round "5.4"]
[White "Kesselhut, Pascal"]
[Black "Woellermann, Ludger"]
[Result "1/2-1/2"]
[ECO "B22"]
[WhiteElo "1425"]
[BlackElo "1829"]
[Annotator "NA RC"]
[PlyCount "53"]
[EventDate "2024.01.01"]
[EventType "swiss"]
[EventCountry "GER"]
[SourceTitle "playchess.com"]
[Source "ChessBase"]
[SourceQuality "1"]
[TimeControl "40/5400+30:1800+30"]

1. e4 c5 2. c3 Nf6 3. e5 Nd5 4. Nf3 Nc6 5. Bc4 e6 6. O-O Be7 7. d4 cxd4 8. cxd4 d6 9. Re1 O-O 10. Nc3 Nxc3 11. bxc3 d5 12. Bd3 f6 13. exf6 Bxf6 14. Qc2 h6 15. Ne5 Nxe5 16. dxe5 Bg5 17. Bxg5 Qxg5 18. Re3 Rf4 19. Rae1 Bd7 20. Rg3 Rg4 21. Rxg4 Qxg4 22. Qd2 Rf8 23. Re3 Ba4 24. Be2 Qf5 25. Bd3 Qg4 26. Be2 Qf5 27. Bd3 1/2-1/2

[Event "Niedersachsen-ch B 2024"]
[Site "Verden Aller"]
[Date "2024.01.06"]
[Round "5.5"]
[White "Pac, Maksym"]
[Black "Walther, Jonas"]
[Result "1/2-1/2"]
[ECO "D00"]
[WhiteElo "1416"]
[BlackElo "1744"]
[Annotator "NA RC"]
[PlyCount "36"]
[EventDate "2024.01.01"]
[EventType "swiss"]
[EventCountry "GER"]
[SourceTitle "playchess.com"]
[Source "ChessBase"]
[SourceQuality "1"]
[TimeControl "40/5400+30:1800+30"]

1. d4 Nf6 2. Nc3 d5 3. Bf4 e6 4. Nb5 Bb4+ 5. c3 Ba5 6. e3 a6 7. Na3 O-O 8. Nf3 Nbd7 9. Be2 Qe7 10. Nb1 Ne4 11. O-O g5 12. Bg3 Nxg3 13. hxg3 c6 14. c4 dxc4 15. Bxc4 b5 16. Be2 Bb7 17. a3 Bc7 18. Nbd2 c5 1/2-1/2